 Dungeon Crawl Stone Soup version 0.29-a0-668-g12ee2bf84d (webtiles) character file.

Game seed: 4218159211342186705

57933 DocClef the Blocker (level 14, -3/113 HPs)
             Began as a Gnoll Fighter on June 23, 2022.
             Was the Champion of Okawaru.
             Slain by a small abomination (12 damage)
             ... on level 1 of the Abyss.
             The game lasted 00:33:06 (21919 turns).

DocClef the Blocker (Gnoll Fighter)                Turns: 21919, Time: 00:33:07

Health: -3/113     AC: 25    Str: 27    XL:     14   Next: 88%
Magic:  27/27      EV: 15    Int: 14    God:    Okawaru [******]
Gold:   1442       SH:  7    Dex: 12    Spells: 32/32 levels left

rFire   . . .      SeeInvis +   T - +8 morningstar of Precise Incision {spect, Str+3}
rCold   + . .      Faith    .   c - +0 buckler
rNeg    . . .      Spirit   .   f - +0 plate armour {rPois}
rPois   +          Reflect  .   y - +1 helmet {Int+3}
rElec   .          Harm     .   z - +2 cloak {rCorr}
rCorr   +          Rampage  .   D - +0 pair of gloves
Will    ++...                   K - +1 pair of boots of the Lich-sworn {Will+ Str+3}
Stlth   ..........              W - amulet of Vitality {RegenMP++ Regen++}
HPRegen 0.00/turn               e - +4 ring of evasion
MPRegen 1.00/turn               Q - ring "Zoofost" {rC+ Int+4 SInv}

@: sick
A: fangs 1, strong nose, distributed training
a: Renounce Religion, Heroism, Finesse, Duel


You were on level 1 of the Abyss.
You worshipped Okawaru.
Okawaru was exalted by your worship.
You visited 4 branches of the dungeon, and saw 20 of its levels.
You visited the Abyss 1 time.

You collected 1743 gold pieces.
You spent 301 gold pieces at shops.

Inventory:

Hand Weapons
 I - the +4 trident of Terra Nullius {spect, *Rage rN+++ Will+ MP+9}
   (You found it on level 7 of the Dungeon)

   When its wielder attacks, the weapon's spirit leaps out and strikes again.
   The spirit shares a part of any damage it takes with its wielder.
   rN:        It renders you almost immune to negative energy.
   MP:        It affects your magic capacity (+9).
   *Rage:     It berserks you when you make melee attacks (+20% chance).
   Will:      It increases your willpower.
 T - the +8 morningstar of Precise Incision (weapon) {spect, Str+3}
   (Okawaru gifted it to you on level 5 of the Lair of Beasts)

   When its wielder attacks, the weapon's spirit leaps out and strikes again.
   The spirit shares a part of any damage it takes with its wielder.
   Str:       It affects your strength (+3).
Missiles
 U - 2 silver javelins (quivered)
 V - 7 throwing nets
Armour
 c - a +0 buckler (worn)
 f - a +0 plate armour of poison resistance (worn)
 g - a +2 ring mail of fire resistance
 y - a +1 helmet of intelligence (worn)
 z - a +2 cloak of preservation (worn)
 D - a +0 pair of gloves (worn)
 K - the +1 pair of boots of the Lich-sworn (worn) {Will+ Str+3}
   (You acquired it on level 10 of the Dungeon)

   Str:       It affects your strength (+3).
   Will:      It increases your willpower.
 X - a +2 scale mail of willpower
Jewellery
 e - a +4 ring of evasion (left hand)
 m - a ring of flight
 u - an amulet of guardian spirit
 x - an amulet of reflection
 O - a ring of ice
 Q - the ring "Zoofost" (right hand) {rC+ Int+4 SInv}
   (You acquired it on level 10 of the Dungeon)

   [ring of protection from cold]

   Int:       It affects your intelligence (+4).
   rC:        It protects you from cold.
   SInv:      It lets you see invisible.
 W - the amulet of Vitality (around neck) {RegenMP++ Regen++}
   (You found it on level 2 of the Lair of Beasts)

   [amulet of magic regeneration]

   It increases your rate of magic regeneration.
   Regen:     It increases your rate of health regeneration.
Wands
 p - a wand of flame (28)
 B - a wand of polymorph (9)
 L - a wand of iceblast (14)
 S - a wand of light (4)
 Z - a wand of mindburst (12)
Scrolls
 b - a scroll of blinking
 d - 3 scrolls of enchant weapon
 h - 3 scrolls of identify
 i - 5 scrolls of poison
 k - 6 scrolls of immolation
 l - 4 scrolls of fog
 n - 6 scrolls of amnesia
 o - a scroll of vulnerability
 t - 3 scrolls of enchant armour
 A - 4 scrolls of magic mapping
 E - 11 scrolls of teleportation
 G - a scroll of fear
Potions
 a - 2 potions of degeneration {unknown}
 j - a potion of resistance
 q - a potion of flight
 r - 3 potions of brilliance
 s - a potion of berserk rage
 v - 5 potions of curing
 w - 2 potions of magic
 C - a potion of haste
 F - a potion of ambrosia
 H - 3 potions of attraction
 J - 3 potions of cancellation
 M - 2 potions of mutation
 P - 2 potions of might
 R - 4 potions of heal wounds
 Y - a potion of invisibility
Miscellaneous
 N - a phial of floods


   Skills:
 + Level 11.6 Fighting
 + Level 9.6 Short Blades
 + Level 9.6 Long Blades
 + Level 9.6 Axes
 + Level 10.6 Maces & Flails
 + Level 9.6 Polearms
 + Level 9.6 Staves
 + Level 9.6 Slings
 + Level 9.6 Bows
 + Level 9.6 Crossbows
 + Level 9.6 Throwing
 + Level 11.6 Armour
 + Level 9.6 Dodging
 + Level 9.6 Stealth
 + Level 11.6 Shields
 + Level 9.6 Unarmed Combat
 + Level 9.6 Spellcasting
 + Level 8.0 Conjurations
 + Level 8.0 Hexes
 + Level 8.0 Summonings
 + Level 8.0 Necromancy
 + Level 8.0 Translocations
 + Level 8.0 Transmutations
 + Level 8.0 Fire Magic
 + Level 8.0 Ice Magic
 + Level 8.0 Air Magic
 + Level 8.0 Earth Magic
 + Level 8.0 Poison Magic
 + Level 10.5 Invocations
 + Level 9.6 Evocations


You had 32 spell levels left.
You didn't know any spells.
Your spell library contained the following spells:

 Spells                   Type           Power      Damage    Failure   Level
 Foxfire                  Conj/Fire      100%       2x1d9     3%          1
 Conjure Flame            Conj/Fire      29%        6-21      12%         3
 Inner Flame              Hex/Fire       29%        N/A       12%         3
 Stone Arrow              Conj/Erth      58%        3d10      12%         3
 Airstrike                Air            14%        N/A       36%         4
 Flame Wave               Conj/Fire      29%        2d8       36%         4
 Passage of Golubria      Tloc           29%        N/A       36%         4
 Petrify                  Tmut/Erth      29%        N/A       36%         4
 Blade Hands              Tmut           14%        N/A       71%         5
 Irradiate                Conj/Tmut      14%        3d18      71%         5
 Lightning Bolt           Conj/Air       14%        1d28      71%         5
 Metabolic Englaciation   Hex/Ice        14%        N/A       71%         5
 Yara's Violent Unravell  Hex/Tmut       14%        3d7       71%         5
 Statue Form              Tmut/Erth      19%        N/A       99%         6
 Dragon Form              Tmut           14%        N/A       100%        7
 Lehudib's Crystal Spear  Conj/Erth      14%        10d5      100%        8
 Tukima's Dance           Hex            Unusable   N/A       N/A         3
 Animate Armour           Summ/Erth      Unusable   N/A       N/A         4
 Summon Lightning Spire   Summ/Air       Unusable   N/A       N/A         4

Dungeon Overview and Level Annotations

Branches:
Dungeon (12/15)            Temple (1/1) D:6            Lair (6/6) D:10
  Swamp (0/4) Lair:2        Snake (0/4) Lair:2        Slime (0/5) Lair:6
    Orc (1/2) D:12

Altars:
Ashenzari
Cheibriados
Dithmenos
Elyvilon
Fedhas
Gozag
Hepliaklqana
Kikubaaqudgha
Makhleb
Nemelex Xobeh
Okawaru
Qazlal
Ru
Sif Muna
Trog
Uskayaw
Vehumet
Wu Jian
Xom
Yredelemnul
Zin
The Shining One
Jiyva

Shops:
D:5 [   D:6 =*(:   D:10 *

Annotations:
D:8 3 runed translucent doors, happo123's ghost, novice TeAE


Innate Abilities, Weirdness & Mutations

You have very sharp teeth.
Your uncanny sense of smell can sniff out nearby items.
Your experience applies equally to all skills.


Message History

You impale the hell hog!!
The hell hog is moderately wounded.
You block the hell hog's attack.
The small abomination barely misses you.
The hell hog closely misses you.
You impale the hell hog!!
The hell hog is severely wounded.
The small abomination hits you but does no damage.
The hell hog bites you but does no damage.
You sock the hell hog!
The hell hog is almost dead.
The hell hog closely misses you.
The small abomination closely misses you.
You barely miss the hell hog.
The hell hog is almost dead.
The hell hog bites you but does no damage.
The small abomination hits you but does no damage.
You block the hell hog's attack.
You hit the hell hog.
You bite the hell hog, but do no damage.
The hell hog is severely wounded.
You block the small abomination's attack.
A small abomination comes into view.
The hell hog barely misses you.
A ynoxinul comes into view.
The small abomination hits you!
* * * LOW HITPOINT WARNING * * *
You puncture the hell hog!
You kill the hell hog!
Okawaru accepts your kill.
The small abomination closely misses you.
You hit the small abomination but do no damage.
You bite the small abomination, but do no damage.
The small abomination hits you!
* * * LOW HITPOINT WARNING * * *
The small abomination closely misses you.
You puncture the small abomination!
The small abomination is moderately damaged.
The small abomination hits you!
You die...

#. ..# . .
. ..# ... .
# #.. .#. .
..#. #...
..# .## .
.##.#...
..##..# . #
..x#
....... # .
#..#
.#..... .#
#.x#......#
. # #@x.##
.#
#.###.#..#
.# . # .
..#....#.#
.. #
..#..[).3#
.. #.
#.#..# #.
..# ##
#.#...# # .
# ##...#.#
## ...... .
. .. .....
.


You could see a ynoxinul and 3 small abominations.

Vanquished Creatures
  2 tentacled starspawn (Abyss:1)
  A purple draconian (Abyss:1)
  Fannar (D:10)
  Harold (Lair:2)
  2 boulder beetles
  2 hydras
  2 catoblepae
  Erica (Lair:2)
  5 two-headed ogres
  A death yak (Lair:5)
  3 hell hogs (Abyss:1)
  Amaemon (D:9)
  Lodul (D:10)
  A goliath frog (Lair:6)
  Pikel (D:4)
  A necromancer (Lair:6)
  A lindwurm (Lair:6)
  A manticore (D:12)
  A worldbinder (Abyss:1)
  An ugly thing (D:12)
  4 elephants
  4 black mambas
  3 gargoyles (D:11)
  20 cane toads
  An orange demon (D:8)
  A torpor snail (Lair:4)
  An unseen horror (D:12)
  Maggie (D:10)
  Psyche (D:10)
  4 yaktaurs (D:12)
  7 komodo dragons
  2 rime drakes
  An ancient zyme (Abyss:1)
  3 trolls
  2 tyrant leeches (Lair:6)
  A polar bear (Lair:5)
  A dream sheep (Lair:4)
  24 blink frogs
  3 wyverns
  3 shadows
  53 yaks
  5 vampire mosquitoes
  A steam dragon (D:8)
  4 basilisks
  4 swamp worms (Lair:2)
  A two-headed ogre zombie (D:12)
  3 nagas (Lair:2)
  26 water moccasins
  2 ice beasts (D:6)
  3 black bears
  A large abomination (Abyss:1)
  10 orc warriors
  5 wolves
  3 centaurs (D:9)
  13 ogres
  4 lemures (D:4)
  A phantom (D:11)
  A kobold brigand (D:11)
  17 bullfrogs
  2 necrophages
  A gnoll sergeant (D:10)
  2 scorpions (D:7)
  6 wights
  A troll zombie (D:12)
  3 electric eels (Lair:6)
  3 howler monkeys
  A crimson imp (D:4)
  2 lava snakes (Lair:6)
  2 hounds (D:5)
  4 jellies
  6 orc priests
  A gnoll shaman (D:8)
  6 iguanas
  Natasha (thrice) (D:2)
  17 orc wizards
  2 polar bear simulacra (Lair:6)
  3 yak simulacra (Lair:6)
  3 wolf simulacra (Lair:6)
  6 ogre zombies (D:12)
  16 gnolls
  9 adders
  5 white imps
  An ufetubus (D:7)
  4 worms
  3 dart slugs
  38 orcs
  2 bats
  6 endoplasms
  3 goblins
  9 hobgoblins
  A jackal (D:3)
  8 quokkas
  12 ball pythons
  4 frilled lizards
  4 goblin skeletons (D:12)
  3 goblin zombies (D:12)
  A hobgoblin skeleton (D:12)
  A hobgoblin zombie (D:12)
  11 kobolds
  2 orc skeletons (D:12)
  14 orc zombies (D:12)
  7 rats
  3 river rat simulacra (Lair:6)
  A spectral orc (D:5)
  A starspawn tentacle (Abyss:1)
517 creatures vanquished.

Vanquished Creatures (others)
  18 fungi
  108 plants
  5 starspawn tentacles (Abyss:1)
131 creatures vanquished.

Grand Total: 648 creatures vanquished

Notes
Turn   | Place    | Note
-------+----------+-------------------------------------------
     0 | D:1      | DocClef the Gnoll Fighter began the quest for the Orb.
     0 | D:1      | Reached XP level 1. HP: 23/23 MP: 1/1
   143 | D:1      | You fall into a shaft and drop 1 floor!
   165 | D:2      | Reached XP level 2. HP: 19/29 MP: 2/2
   816 | D:2      | Noticed Natasha
   826 | D:2      | Killed Natasha
   827 | D:2      | Reached skill level 1 in Invocations
   827 | D:2      | Reached XP level 3. HP: 32/35 MP: 2/4
   890 | D:2      | Reached skill level 1 in Short Blades
   890 | D:2      | Reached skill level 1 in Long Blades
   890 | D:2      | Reached skill level 1 in Axes
   890 | D:2      | Reached skill level 1 in Polearms
   890 | D:2      | Reached skill level 1 in Staves
   890 | D:2      | Reached skill level 1 in Slings
   890 | D:2      | Reached skill level 1 in Bows
   890 | D:2      | Reached skill level 1 in Crossbows
   890 | D:2      | Reached skill level 1 in Throwing
   890 | D:2      | Reached skill level 1 in Dodging
   890 | D:2      | Reached skill level 1 in Stealth
   890 | D:2      | Reached skill level 1 in Unarmed Combat
   890 | D:2      | Reached skill level 1 in Spellcasting
   890 | D:2      | Reached skill level 1 in Evocations
   916 | D:2      | Noticed Natasha
   921 | D:2      | Killed Natasha
   922 | D:2      | Reached XP level 4. HP: 40/41 MP: 5/5
  1201 | D:1      | Reached skill level 1 in Conjurations
  1201 | D:1      | Reached skill level 1 in Hexes
  1201 | D:1      | Reached skill level 1 in Summonings
  1201 | D:1      | Reached skill level 1 in Necromancy
  1201 | D:1      | Reached skill level 1 in Translocations
  1201 | D:1      | Reached skill level 1 in Transmutations
  1201 | D:1      | Reached skill level 1 in Fire Magic
  1201 | D:1      | Reached skill level 1 in Ice Magic
  1201 | D:1      | Reached skill level 1 in Air Magic
  1201 | D:1      | Reached skill level 1 in Earth Magic
  1201 | D:1      | Reached skill level 1 in Poison Magic
  1929 | D:2      | Noticed Natasha
  1931 | D:3      | Found a faded altar of an unknown god.
  1973 | D:3      | Identified the +1 short sword "Avisyeps" {freeze, rPois
                  | Str-4 Int+7 Dex-5}
  2110 | D:3      | Found a bloodstained altar of Trog.
  2231 | D:2      | Reached XP level 5. HP: 44/47 MP: 5/7
  2328 | D:2      | Killed Natasha
  2787 | D:3      | Found a stormy altar of Qazlal.
  3152 | D:3      | Found a sacrificial altar of Ru.
  3206 | D:3      | Reached XP level 6. HP: 51/53 MP: 8/8
  3229 | D:3      | Found a blossoming altar of Fedhas.
  3671 | D:4      | Noticed a yak
  3671 | D:4      | Noticed a yak
  3695 | D:5      | Entered Level 5 of the Dungeon
  3793 | D:5      | Reached skill level 5 in Maces & Flails
  3925 | D:5      | Noticed a black bear
  4012 | D:5      | Killed a black bear
  4132 | D:5      | Reached XP level 7. HP: 49/59 MP: 10/10
  4528 | D:5      | Found Nonoc's Armour Shop.
  4531 | D:5      | Bought a +2 cloak of preservation for 301 gold pieces
  4625 | D:5      | Found a basalt altar of Yredelemnul.
  4711 | D:5      | Found a shimmering blue altar of Sif Muna.
  4753 | D:5      | Got Sif Muna's Almanac of Heat
  5158 | D:4      | Noticed Pikel
  5246 | D:4      | Killed Pikel
  5247 | D:4      | Reached XP level 8. HP: 63/67 MP: 12/12
  5321 | D:4      | Noticed a yak
  5321 | D:4      | Noticed a yak
  5322 | D:4      | Noticed a yak
  5324 | D:4      | Noticed a yak
  5327 | D:4      | Killed a yak
  5353 | D:4      | Killed a yak
  5365 | D:4      | Killed a yak
  5366 | D:4      | Reached XP level 9. HP: 43/72 MP: 14/14
  6672 | D:6      | Found Ziufees's Book Shop.
  7122 | D:6      | Found Getotzeu's Weapon Shop.
  7224 | D:6      | Found Uwaant's Assorted Antiques.
  7261 | D:6      | Found Oblocs's Jewellery Shoppe.
  7399 | D:6      | Found a staircase to the Ecumenical Temple.
  7582 | Temple   | Entered the Ecumenical Temple
  7588 | Temple   | Became a worshipper of Warmaster Okawaru
  8159 | D:7      | Reached skill level 5 in Invocations
  8445 | D:7      | Identified the +4 trident of Terra Nullius {spect, *Rage
                  | rN+++ Will+ MP+9}
  9050 | D:8      | Reached * piety under Okawaru
  9051 | D:8      | Reached XP level 10. HP: 80/80 MP: 17/17
  9063 | D:8      | Reached skill level 5 in Short Blades
  9063 | D:8      | Reached skill level 5 in Long Blades
  9063 | D:8      | Reached skill level 5 in Axes
  9063 | D:8      | Reached skill level 5 in Polearms
  9063 | D:8      | Reached skill level 5 in Staves
  9063 | D:8      | Reached skill level 5 in Slings
  9063 | D:8      | Reached skill level 5 in Bows
  9063 | D:8      | Reached skill level 5 in Crossbows
  9063 | D:8      | Reached skill level 5 in Throwing
  9063 | D:8      | Reached skill level 5 in Dodging
  9063 | D:8      | Reached skill level 5 in Stealth
  9063 | D:8      | Reached skill level 5 in Unarmed Combat
  9063 | D:8      | Reached skill level 5 in Spellcasting
  9063 | D:8      | Reached skill level 5 in Evocations
  9156 | D:8      | Found a broken altar of Ashenzari.
  9549 | D:8      | Noticed an orange demon
  9557 | D:8      | Reached ** piety under Okawaru
  9558 | D:8      | Noticed Amaemon
  9587 | D:9      | Killed Amaemon
  9601 | D:9      | Noticed a two-headed ogre
  9606 | D:9      | Noticed a boulder beetle
  9650 | D:9      | Killed a two-headed ogre
  9650 | D:9      | Reached *** piety under Okawaru
  9677 | D:9      | Killed a boulder beetle
  9708 | D:9      | Received a gift from Okawaru
  9843 | D:8      | Killed an orange demon
  9843 | D:8      | Reached **** piety under Okawaru
  9844 | D:8      | Reached XP level 11. HP: 83/87 MP: 19/19
 10317 | D:8      | Found a runed translucent gate.
 10317 | D:8      | Found a runed translucent gate.
 10318 | D:8      | Found a runed translucent gate.
 10318 | D:8      | Noticed happo123's ghost (novice TeAE)
 10396 | D:8      | Found a viscous altar of Jiyva.
 10607 | D:9      | Noticed a two-headed ogre
 10615 | D:9      | Killed a two-headed ogre
 10615 | D:9      | Received a gift from Okawaru
 10616 | D:9      | Reached skill level 5 in Conjurations
 10616 | D:9      | Reached skill level 5 in Hexes
 10616 | D:9      | Reached skill level 5 in Summonings
 10616 | D:9      | Reached skill level 5 in Necromancy
 10616 | D:9      | Reached skill level 5 in Translocations
 10616 | D:9      | Reached skill level 5 in Transmutations
 10616 | D:9      | Reached skill level 5 in Fire Magic
 10616 | D:9      | Reached skill level 5 in Ice Magic
 10616 | D:9      | Reached skill level 5 in Air Magic
 10616 | D:9      | Reached skill level 5 in Earth Magic
 10616 | D:9      | Reached skill level 5 in Poison Magic
 11052 | D:10     | Entered Level 10 of the Dungeon
 11052 | D:10     | Noticed Fannar
 11065 | D:10     | Killed Fannar
 11206 | D:10     | Noticed Psyche
 11212 | D:10     | Killed Psyche
 11213 | D:10     | Noticed Maggie
 11220 | D:10     | Killed Maggie
 11269 | D:10     | Noticed Lodul
 11280 | D:10     | Received a gift from Okawaru
 11285 | D:10     | Killed Lodul
 11654 | D:10     | Received a gift from Okawaru
 11693 | D:10     | Found Tuesib's General Store.
 11751 | D:10     | Identified 2 scrolls of acquirement
 11751 | D:10     | Acquired the ring "Zoofost" {rC+ Int+4 SInv}
 11756 | D:10     | Acquired the +1 pair of boots of the Lich-sworn {Will+
                  | Str+3}
 11927 | D:10     | Found a staircase to the Lair.
 12408 | D:10     | Found a glowing golden altar of the Shining One.
 12590 | D:11     | Noticed a boulder beetle
 12617 | D:11     | Killed a boulder beetle
 13004 | D:11     | Reached XP level 12. HP: 96/96 MP: 22/22
 13245 | D:11     | Noticed a two-headed ogre
 13251 | D:11     | Killed a two-headed ogre
 13251 | D:11     | Received a gift from Okawaru
 13251 | D:11     | Reached ***** piety under Okawaru
 13565 | D:12     | Noticed a two-headed ogre
 13569 | D:12     | Killed a two-headed ogre
 13705 | D:12     | Found a staircase to the Orcish Mines.
 14153 | D:12     | Received a gift from Okawaru
 14322 | D:12     | Noticed a two-headed ogre
 14338 | D:12     | Reached skill level 10 in Fighting
 14338 | D:12     | Reached skill level 10 in Armour
 14338 | D:12     | Reached skill level 10 in Shields
 14351 | D:12     | Killed a two-headed ogre
 14351 | D:12     | Received a gift from Okawaru
 14690 | Lair:1   | Entered Level 1 of the Lair of Beasts
 14717 | Lair:1   | Noticed a seven-headed hydra
 14725 | Lair:1   | Killed a seven-headed hydra
 14856 | Lair:1   | Received a gift from Okawaru
 15712 | Lair:2   | Noticed Erica
 15724 | Lair:2   | Killed Erica
 15725 | Lair:2   | Reached XP level 13. HP: 103/103 MP: 24/24
 16090 | Lair:2   | Found a staircase to the Swamp.
 16180 | Lair:2   | Found the amulet of Vitality {RegenMP++ Regen++}
 16218 | Lair:2   | Noticed Harold
 16226 | Lair:2   | Killed Harold
 16482 | Lair:2   | Received a gift from Okawaru
 16636 | Lair:2   | Found a staircase to the Snake Pit.
 16653 | Lair:2   | Reached ****** piety under Okawaru
 17401 | Lair:3   | Received a gift from Okawaru
 18526 | Lair:4   | Identified the +0 cloak of Gomoat {rN+} (Okawaru gifted it
                  | to you on level 4 of the Lair of Beasts)
 18526 | Lair:4   | Received a gift from Okawaru
 19257 | Lair:5   | Identified the +2 hat of Beauty {rElec rN+ Str+8 Dex-5}
 19889 | Lair:6   | Entered Level 6 of the Lair of Beasts
 19954 | Lair:6   | Reached skill level 10 in Maces & Flails
 19955 | Lair:6   | Reached XP level 14. HP: 105/113 MP: 26/26
 20606 | Lair:5   | Reached skill level 10 in Invocations
 20610 | Lair:5   | Identified the +8 morningstar of Precise Incision {spect,
                  | Str+3} (Okawaru gifted it to you on level 5 of the Lair of
                  | Beasts)
 20610 | Lair:5   | Received a gift from Okawaru
 20713 | Lair:6   | Found a staircase to the Slime Pits.
 21730 | Orc:1    | Entered Level 1 of the Orcish Mines
 21773 | Orc:1    | Cast into level 1 of the Abyss (orc sorcerer)
 21839 | Abyss:1  | Noticed a tentacled starspawn
 21841 | Abyss:1  | Noticed a purple draconian
 21844 | Abyss:1  | Killed a tentacled starspawn
 21852 | Abyss:1  | Killed a purple draconian
 21852 | Abyss:1  | Identified the +1 ring mail of Saaraog {Int+3} (Okawaru
                  | gifted it to you on level 1 of the Abyss)
 21852 | Abyss:1  | Received a gift from Okawaru
 21862 | Abyss:1  | Noticed a tentacled starspawn
 21874 | Abyss:1  | Killed a tentacled starspawn
 21907 | Abyss:1  | HP: 3/113 [hell hog/fireball (40)]
 21919 | Abyss:1  | Slain by a small abomination

Illustrated notes

Levels and vault maps discovered:
D:1:      saegor_arrival_simple_d, layout_basic
D:2:      layout_basic, uniq_natasha
D:3:      minmay_diamond_boxcup, layout_rooms, grunt_qazlal_clouds,
          mainiacjoe_overflow_alcove_2, trog_butcher_becter,
          lemuel_coloured_pillars_altar, ebering_ecumenical_altar_petrified,
          serial_curves, eino_curves_02, eino_curves_01, st_stairs_10,
          hangedman_decor_riveting
D:4:      layout_layer_cave, minmay_fire_ice_demons, uniq_pikel
D:5:      layout_basic, yredelemnul_forgotten_temple_becter, led_sif_book,
          serial_shops, kennysheep_mini
D:6:      layout_basic, temple_hall_moat, serial_shops,
          nicolae_shop_temple_entry_statues_fountains,
          nicolae_inconvenience_store, kennysheep_mini_moat,
          nicolae_shop_behind_doors
D:7:      kb_forest_paths, layout_basic, chequers_serial_rivers_room_b
D:8:      layout_loops_ring, ashenzari_conservatory_becter,
          gammafunk_ghost_ooze, uniq_amaemon
D:9:      layout_basic, feat_on_display
D:10:     layout_layer_cave, lemuel_doored_altar, dpeg_oklobed_lair,
          serial_shops, nicolae_lakefront_shop, uniq_lodul, uniq_maggie,
          uniq_psyche, uniq_fannar
D:11:     layout_cave_pods
D:12:     layout_basic, zombieorc2_lemuel
Temple:   eino_narrow_crystal_temple
Lair:1:   wander_river, layout_layer_cave
Lair:2:   layout_gridlike, minmay_swamp_entry_worms,
          guppyfry_snake_entry_garden, beast_lair_carwin_7, uniq_erica,
          uniq_harold
Lair:3:   layout_hall_layers
Lair:4:   nzn_winding_woodlands_three_and_one
          [nzn_winding_woodlands_5x15_crooked, nzn_winding_woodlands_5x15_eye,
          nzn_winding_woodlands_5x15_split_checker,
          nzn_winding_woodlands_center_garden], layout_regular_city
Lair:5:   layout_long_grid, nicolae_lair_yak_garden
Lair:6:   minmay_lair_end_frog_pond, layout_gridlike,
          nicolae_slime_entry_slimehenge, eino_house_with_fridge,
          serial_bayou_shore_b
Orc:1:    layout_caves, serial_shops, nicolae_shop_window_shopping,
          nicolae_orc_damp_corner
Abyss:1:  base:
D:4

Skill      XL: |  1  2  3  4  5  6  7  8  9 10 11 12 13 14 |
---------------+-------------------------------------------+-----
Invocations    | 1 2 3 4 5 6 7 8 9 10 | 10.5
Short Blades   | 1 2 3 4 5 6 7 8 9 |  9.6
Long Blades    | 1 2 3 4 5 6 7 8 9 |  9.6
Axes           | 1 2 3 4 5 6 7 8 9 |  9.6
Polearms       | 1 2 3 4 5 6 7 8 9 |  9.6
Staves         | 1 2 3 4 5 6 7 8 9 |  9.6
Slings         | 1 2 3 4 5 6 7 8 9 |  9.6
Bows           | 1 2 3 4 5 6 7 8 9 |  9.6
Crossbows      | 1 2 3 4 5 6 7 8 9 |  9.6
Throwing       | 1 2 3 4 5 6 7 8 9 |  9.6
Dodging        | 1 2 3 4 5 6 7 8 9 |  9.6
Stealth        | 1 2 3 4 5 6 7 8 9 |  9.6
Unarmed Combat | 1 2 3 4 5 6 7 8 9 |  9.6
Spellcasting   | 1 2 3 4 5 6 7 8 9 |  9.6
Evocations     | 1 2 3 4 5 6 7 8 9 |  9.6
Conjurations   | 1 2 3 4 5 6 7 8 |  8.0
Hexes          | 1 2 3 4 5 6 7 8 |  8.0
Summonings     | 1 2 3 4 5 6 7 8 |  8.0
Necromancy     | 1 2 3 4 5 6 7 8 |  8.0
Translocations | 1 2 3 4 5 6 7 8 |  8.0
Transmutations | 1 2 3 4 5 6 7 8 |  8.0
Fire Magic     | 1 2 3 4 5 6 7 8 |  8.0
Ice Magic      | 1 2 3 4 5 6 7 8 |  8.0
Air Magic      | 1 2 3 4 5 6 7 8 |  8.0
Earth Magic    | 1 2 3 4 5 6 7 8 |  8.0
Poison Magic   | 1 2 3 4 5 6 7 8 |  8.0
Maces & Flails | 5 6 7 8 9 10 | 10.6
Fighting       | 7 8 9 10 11 | 11.6
Armour         | 7 8 9 10 11 | 11.6
Shields        | 7 8 9 10 11 | 11.6

Action                   |  1- 3 |  4- 6 |  7- 9 | 10-12 | 13-15 || total
-------------------------+-------+-------+-------+-------+-------++-------
Melee: Flail             |    60 |    63 |       |       |       ||   123
       Bite              |     4 |    32 |    44 |    51 |    62 ||   193
       Morningstar       |       |   177 |   208 |       |   163 ||   548
       Unarmed           |       |       |    15 |       |       ||    15
       Short sword       |       |       |   137 |       |       ||   137
       Trident           |       |       |     9 |   394 |   401 ||   804
 Fire: Fustibalus        |       |       |       |       |    27 ||    27
Throw: Javelin           |       |       |       |     2 |       ||     2
       Throwing net      |       |       |       |     1 |       ||     1
Invok: Heroism           |       |       |       |     1 |     2 ||     3
       Finesse           |       |       |       |       |     1 ||     1
Evoke: Wand              |       |       |       |     1 |       ||     1
  Use: Potion            |     2 |     3 |     1 |     2 |     2 ||    10
       Scroll            |     1 |       |       |    17 |     4 ||    22
 Stab: Sleeping          |       |       |     7 |    10 |    15 ||    32
       Confused          |       |       |     1 |       |       ||     1
       Distracted        |       |       |       |     5 |     5 ||    10
       Invisible         |       |       |       |     1 |       ||     1
Armor: Scale mail        |    10 |       |       |       |       ||    10
       Ring mail         |     5 |    85 |   118 |    85 |   157 ||   450
       Skin              |     1 |       |       |       |       ||     1
       Plate armour      |       |       |       |       |    71 ||    71
Dodge: Dodged            |    31 |   229 |   207 |   171 |   424 ||  1062
Block: Buckler           |    14 |    99 |    88 |    66 |   190 ||   457

Table legend: (Time is in decaauts)
 A = Elapsed time spent in this place.
 B = Non-inter-level travel time spent in this place.
 C = Inter-level travel time spent in this place.
 D = Time resting spent in this place.
 E = Time spent auto-exploring this place.
 F = Levels seen in this place.
 G = Mean time per level.
                   A        B        C        D        E       F      G
               +--------+--------+--------+--------+--------+-----+--------+
         Total |  22598 |  21487 |   1111 |   3685 |  14144 |  21 | 1076.1 |
       Dungeon |  14960 |  14134 |    826 |   2401 |   9416 |  12 | 1246.7 |
        Temple |    180 |    168 |     12 |      0 |    155 |   1 |  180.0 |
          Lair |   7282 |   7009 |    273 |   1279 |   4499 |   6 | 1213.7 |
  Orcish Mines |     42 |     42 |      0 |      0 |      0 |   1 |   42.0 |
         Abyss |    131 |    131 |      0 |      4 |     74 |   1 |  131.0 |
               +--------+--------+--------+--------+--------+-----+--------+

Top non-repeatable levels by time:
     D:4: 1843 daAuts
    D:10: 1671 daAuts
  Lair:2: 1482 daAuts
  Lair:6: 1384 daAuts
     D:5: 1347 daAuts
     D:2: 1330 daAuts
     D:3: 1262 daAuts
  Lair:5: 1234 daAuts
     D:8: 1207 daAuts
    D:11: 1203 daAuts
     D:6: 1200 daAuts
  Lair:4: 1096 daAuts
  Lair:1: 1065 daAuts
     D:7: 1045 daAuts
  Lair:3: 1018 daAuts
